 Dungeon Crawl Stone Soup version 0.17-a0-1378-g281efdd (webtiles) character file.

116 stocazzo the Skirmisher (level 5, -9/34 HPs)
             Began as a Gargoyle Fighter on June 14, 2015.
             Was a Believer of Makhleb.
             Killed by nerve-wracking pain
             ... invoked by Grinder
              (13 damage)
             ... on level 3 of the Dungeon.
             The game lasted 00:05:04 (1370 turns).

stocazzo the Skirmisher (Gargoyle Fighter)          Turns: 1370, Time: 00:05:04

Health: -9/34      AC: 15    Str: 20    XL:     5   Next: 0%
Magic:  5/5        EV:  5    Int:  8    God:    Makhleb [**....]
Gold:   56         SH:  9    Dex: 10    Spells: 0 memorised, 4 levels left

rFire  . . .     SeeInvis .     a - +0 flail
rCold  . . .     Clarity  .     k - +0 chain mail
rNeg   + . .     SustAt   .     c - +0 shield
rPois  ∞         Gourm    .     (no helmet)
rElec  +         Spirit   .     q - +0 cloak
rCorr  .         Warding  .     (no gloves)
rMut   .         Stasis   .     g - +0 pair of boots
MR     .....                    (no amulet)
Stlth  ..........               (no ring)
                                (no ring)

@: not resistant to hostile enchantments, extremely unstealthy
A: negative energy resistance 1, electricity resistance, unbreathing,
petrification resistance, rot immunity, AC +4
a: Minor Destruction, Renounce Religion


You were on level 3 of the Dungeon.
You worshipped Makhleb.
Makhleb was pleased with you.
You were very hungry.

You visited 1 branch of the dungeon, and saw 3 of its levels.

You collected 56 gold pieces.

Inventory:

Hand weapons
 a - a +0 flail (weapon)
Armour
 c - a +0 shield (worn)
 g - a +0 pair of boots (worn)
 k - a +0 chain mail (worn)
 q - a +0 cloak (worn)
Scrolls
 f - 2 scrolls of teleportation {unknown}
 i - 4 scrolls of identify {unknown}
 l - 3 scrolls of random uselessness {unknown}
 o - a scroll of magic mapping {unknown}
Potions
 b - 2 potions of cancellation {unknown}
 d - a potion of might
 h - 3 potions of curing {unknown}
 m - a potion of lignification {unknown}
 n - a potion of poison {unknown}
Comestibles
 e - a bread ration
 j - a beef jerky
 p - a meat ration


   Skills:
 * Level 4.7 Fighting
 + Level 3.0 Maces & Flails
 + Level 3.7 Armour
 + Level 3.8 Shields


You had 4 spell levels left.
You didn't know any spells.

Dungeon Overview and Level Annotations

Branches:
Dungeon (3/15)

Altars:
Elyvilon
Makhleb
Nemelex Xobeh
Yredelemnul

Annotations:
D:3 Grinder


Innate Abilities, Weirdness & Mutations

You are resistant to torment.
Your stone body is resilient (AC +4).
You are immune to poison.
You resist negative energy.
You are resistant to electric shocks.
You can survive without breathing.
You are immune to petrification.
You are immune to rotting.


Message History

Grinder gestures.
Grinder blinks!
Use which ability? (? or * to list)
Press: ? - help, Shift-Dir - straight line, f/p - Grinder
Aim: Grinder (almost dead)
The puff of flame misses Grinder.
You feel slightly more hungry. Grinder gestures at you.
Pain shoots through your body!
* * * LOW HITPOINT WARNING * * *
Use which ability? (? or * to list)
Press: ? - help, Shift-Dir - straight line, f/p - Grinder
Aim: Grinder (almost dead)
You fail to use your ability.
Use which ability? (? or * to list)
Press: ? - help, Shift-Dir - straight line, f/p - Grinder
Aim: Grinder (almost dead) Grinder is unaffected.
You feel slightly more hungry. Grinder gestures at you.
Pain shoots through your body!
You die...

..............#####
.....##..........#
#......########.#
#.#.##.# # # #.# .#
#.##.###### #.#
#.........##..
.......)####.#.#
.######## #.@# #..#
#5.# .... #.###. #.
# #. #.


You could see Grinder.

Vanquished Creatures
  3 gnolls (D:2)
  4 adders
  A worm (D:2)
  2 giant geckos
  7 bats
  2 giant cockroaches (D:1)
  7 hobgoblins
  2 jackals (D:2)
  2 giant newts
  6 goblins
  3 kobolds (D:1)
  7 rats
46 creatures vanquished.

Notes
Turn   | Place    | Note
--------------------------------------------------------------
     0 | D:1      | stocazzo the Gargoyle Fighter began the quest for the Orb.
     0 | D:1      | Reached XP level 1. HP: 14/14 MP: 1/1
   173 | D:1      | Reached XP level 2. HP: 19/19 MP: 2/2
   666 | D:2      | Reached skill level 4 in Fighting
   682 | D:2      | Reached XP level 3. HP: 12/24 MP: 3/3
   907 | D:2      | Found a faded altar to an unknown god.
   943 | D:2      | Became a worshipper of Makhleb the Destroyer
   943 | D:2      | Acquired Makhleb's first power
   964 | D:2      | Reached XP level 4. HP: 23/30 MP: 4/4
   994 | D:2      | Found a sparkling altar of Nemelex Xobeh.
  1036 | D:2      | Found a basalt altar of Yredelemnul.
  1317 | D:3      | Found a white marble altar of Elyvilon.
  1331 | D:3      | Reached XP level 5. HP: 26/34 MP: 5/5
  1332 | D:3      | Acquired Makhleb's second power
  1354 | D:3      | Noticed Grinder
  1370 | D:3      | Killed from afar by Grinder

Vault maps used:
D:1:      scummos_arrival_simple_fountains
D:2:      lemuel_doored_altar, nemelex_deck, ecumenical_altar_2
D:3:      amethyst_overflow_temple_binary, elyvilon_altar_5, uniq_grinder

Action                   |  1- 3 |  4- 6 || total
-------------------------+-------+-------++-------
Melee: Flail             |   137 |    82 ||   219
Invok: Minor Destruction |       |     3 ||     3
  Eat: Chunk             |       |     1 ||     1
